 Dungeon Crawl Stone Soup version 0.26-a0-812-g31a745ddcd (webtiles) character file.

Game seed: 11653688974433216277

7 kae the Insei (level 2, 0/16 HPs)
             Began as a Tengu Transmuter on Nov 23, 2020.
             Slain by a dart slug (2 damage)
             ... on level 1 of the Dungeon.
             The game lasted 00:00:13 (254 turns).

kae the Insei (Tengu Transmuter)                     Turns: 254, Time: 00:00:14

Health: 0/16       AC:  2    Str: 10    XL:     2   Next: 0%
Magic:  6/6        EV: 13    Int: 13    God:
Gold:   37         SH:  0    Dex: 14    Spells: 4/5 levels left

rFire    . . .     SeeInvis .     - Unarmed
rCold    . . .     Faith    .   (no shield)
rNeg     . . .     Spirit   .   a - +0 robe
rPois    .         Reflect  .   (helmet restricted)
rElec    .         Harm     .   (no cloak)
rCorr    .         Rampage  .   (no gloves)
MR       .....                  (boots unavailable)
Stlth    +.........             (no amulet)
HPRegen  0.05/turn              (no ring)
MPRegen  0.10/turn              (no ring)

@: no status effects
A: beak, talons 3
a: no special abilities


You were on level 1 of the Dungeon.
You visited 1 branch of the dungeon, and saw 1 of its levels.

You collected 37 gold pieces.

Inventory:

Armour
 a - a +0 robe (worn)
Potions
 b - a potion of attraction {unknown}


   Skills:
 + Level 1.1 Fighting
 + Level 2.3 Dodging
 * Level 3.4 Unarmed Combat
 + Level 2.0 Spellcasting
 * Level 1.8 Transmutations


You had 4 spell levels left.
You knew the following spells:

 Your Spells              Type           Power        Failure   Level
a - Beastly Appendage     Tmut           #.....       12%         1

Your spell library contained the following spells:

 Spells                   Type           Power        Failure   Level
 Wereblood                Tmut           #.......     19%         2
 Spider Form              Tmut/Pois      #.........   47%         3
 Ice Form                 Ice/Tmut       #.......     87%         4
 Blade Hands              Tmut           #.........   98%         5


Dungeon Overview and Level Annotations

Branches:
Dungeon (1/15)

Altars:


Innate Abilities, Weirdness & Mutations

You have a beak for a mouth.
You have claws for feet.


Message History

You kill the kobold!
You barely miss the kobold. Your kick misses the kobold.
The kobold closely misses you.
You closely miss the kobold. Your peck misses the kobold.
The kobold hits you with a +0 dagger of pain.
You hit the kobold.
The kobold is moderately wounded.
The kobold completely misses you.
You barely miss the kobold.
The kobold is moderately wounded.
You hit the kobold.
The kobold is severely wounded.
The kobold hits you with a +0 dagger of pain.
* * * LOW HITPOINT WARNING * * *
You barely miss the kobold. You headbutt the kobold.
You kill the kobold!
You have reached level 2!
Your horns disappear.
The dart slug bites you.
You die...

.......# #.##
.......######..#
#
...........###.##
.# #.##.......#
#..# ..#
#.##.......#
##.######..##
#.##.......#
#.##........
..##.......#
#..#........
####.......#
##.#........
8###.#######
#@#........
...#.#
#w.........
...#.#
#............
...#.#
#.....###..##
...#.# #.....# .#
...'.# #####.# ..
...### ... # ...#
.... ...#


r.b You could see a dart slug.

Vanquished Creatures
  A goblin (D:1)
  A hobgoblin (D:1)
  2 bats (D:1)
  3 kobolds (D:1)
7 creatures vanquished.

Notes
Turn   | Place    | Note
-------+----------+-------------------------------------------
     0 | D:1      | kae the Tengu Transmuter began the quest for the Orb.
     0 | D:1      | Reached XP level 1. HP: 12/12 MP: 4/4
   253 | D:1      | Reached XP level 2. HP: 2/16 MP: 6/6
   254 | D:1      | Slain by a dart slug

Illustrated notes

Levels and vault maps discovered:
D:1:      mrwooster_arrival_statue_3, layout_basic, minmay_misc_feat_alley

Action                   || total
-------------------------++-------
Melee: Unarmed           ||    19
       Kick              ||     4
       Headbutt          ||     1
 Cast: Beastly Appendage ||     4
Armor: Robe              ||     1
Dodge: Dodged            ||    16

Table legend: (Time is in decaauts)
 A = Elapsed time spent in this place.
 B = Non-inter-level travel time spent in this place.
 C = Inter-level travel time spent in this place.
 D = Time resting spent in this place.
 E = Time spent auto-exploring this place.
 F = Levels seen in this place.
 G = Mean time per level.
                   A        B        C        D        E       F      G
               +--------+--------+--------+--------+--------+-----+--------+
         Total |    252 |    252 |      0 |      0 |    206 |   1 |  252.0 |
       Dungeon |    252 |    252 |      0 |      0 |    206 |   1 |  252.0 |
               +--------+--------+--------+--------+--------+-----+--------+

Top non-repeatable levels by time:
     D:1: 252 daAuts
